 Dungeon Crawl Stone Soup version 0.27.1-15-g792fb953b9 (webtiles) character file.

Game seed: 2884755318844179037

1668 pkoi the Carver (level 9, -6/64 HPs)
             Began as a Formicid Fighter on Nov 19, 2021.
             Was a Follower of Nemelex Xobeh.
             Mangled by Eustachio (13 damage)
             ... on level 5 of the Dungeon.
             The game lasted 00:06:55 (7018 turns).

pkoi the Carver (Formicid Fighter)                  Turns: 7018, Time: 00:06:55

Health: -6/64      AC:  8    Str: 25    XL:     9   Next: 20%
Magic:  13/13      EV:  9    Int:  7    God:    Nemelex Xobeh [*.....]
Gold:   137        SH: 11    Dex: 10    Spells: 8/8 levels left

rFire    . . .     SeeInvis +   a - +1 long sword
rCold    . . .     Faith    .   c - +0 kite shield
rNeg     . . .     Spirit   .   b - +0 scale mail
rPois    .         Reflect  .   (helmet unavailable)
rElec    .         Harm     .   f - +0 cloak
rCorr    .         Rampage  .   (no gloves)
Will     .....                  (no boots)
Stlth    ..........             (no amulet)
HPRegen  0.20/turn              (no ring)
MPRegen  0.13/turn              (no ring)

@: no status effects
A: permanent stasis, dig shafts and tunnels, antennae 3, four strong arms
a: Dig, Shaft Self, Renounce Religion, Draw Escape, Draw Destruction, Draw
Summoning


You were on level 5 of the Dungeon.
You worshipped Nemelex Xobeh.
Nemelex Xobeh was aware of your devotion.
You visited 1 branch of the dungeon, and saw 5 of its levels.

You collected 241 gold pieces.
You spent 104 gold pieces at shops.

Inventory:

Hand Weapons
 a - a +1 long sword (weapon)
Armour
 b - a +0 scale mail (worn)
 c - a +0 kite shield (worn)
 f - a +0 cloak (worn)
Jewellery
 h - a ring of poison resistance
 i - a ring of fire
 j - a ring of willpower
Scrolls
 g - 6 scrolls of identify
Potions
 d - a potion of might
 e - a potion of flight {unknown}
 l - 2 potions of curing {unknown}
 o - a potion of cancellation {unknown}
 q - a potion of degeneration {unknown}


   Skills:
 - Level 3.2 Fighting
 * Level 8.4 Long Blades
 - Level 3.2 Armour
 + Level 7.7 Shields
 + Level 5.8 Invocations


You had 8 spell levels left.
You didn't know any spells.
Your spell library contained the following spells:

 Spells                   Type           Power      Damage    Failure   Level
 Apportation              Tloc           0%         N/A       82%         1
 Alistair's Intoxication  Tmut/Pois      0%         N/A       100%        5
 Invisibility             Hex            0%         N/A       100%        6


Dungeon Overview and Level Annotations

Branches:
Dungeon (5/15)             Temple (0/1) D:5

Altars:
Fedhas
Hepliaklqana
Nemelex Xobeh
Qazlal
Uskayaw
Xom
The Shining One

Shops:
D:5 *

Annotations:
D:2 1 runed translucent door, Crazy Yiuf
D:5 Eustachio


Innate Abilities, Weirdness & Mutations

You cannot be hasted, slowed, berserked, paralysed or teleported.
You can dig through walls and to a lower floor.
You have a pair of large antennae on your head. (SInv)
Your four strong arms can wield two-handed weapons with a shield.


Message History

You slash the rat!
You kill the rat!
The rat's corpse disappears in a puff of smoke!
You block the quokka's attack. You block the rat's attack.
Unknown command.
The quokka bites you but does no damage.
You closely miss Eustachio.
Eustachio is moderately wounded.
The quokka barely misses you.
Eustachio gestures wildly while chanting.
You hit Eustachio.
Eustachio is moderately wounded.
The quokka misses you. You block the rat's attack.
Eustachio hits you with a +5 vorpal falchion!
The quokka bites you but does no damage.
You hit Eustachio but do no damage.
Eustachio is moderately wounded.
The rat bites you but does no damage.
Eustachio hits you with a +5 vorpal falchion!
* * * LOW HITPOINT WARNING * * *
x2 The quokka bites you.
* * * LOW HITPOINT WARNING * * *
You barely miss Eustachio.
Eustachio is moderately wounded.
You block the rat's attack. You block the quokka's attack.
Eustachio hits you with a +5 vorpal falchion!
* * * LOW HITPOINT WARNING * * *
x2 Unknown command.
You barely miss Eustachio.
Eustachio is moderately wounded.
You block the rat's attack. You block the quokka's attack.
Eustachio hits you with a +5 vorpal falchion.
* * * LOW HITPOINT WARNING * * *
x2 Unknown command.
You barely miss Eustachio.
Eustachio is moderately wounded.
You block the rat's attack. You block the quokka's attack.
Eustachio hits you with a +5 vorpal falchion!
You die...
Your body disappears without a glow.

......#.#.##.{....(....#.##..#
##........#####..........#####
##.......####..###.......#
##........#...# ##......#
####....#......## ##.###..##
#.......#.#....## #...###.{##
..#..#..#
##....###..###....####5
..####...#
#>..rr@r.......ยง...... .##
..## ##..#@##....#########@
.## ##.## ##..#####.....# ..#
#...# #..)..##.....## ..##
#...#####<...##...##
#..####.....##.....#....#
........................#
##.###...##....#........#
)..##....#....##.?....#
####..........# ..#....


You could see Eustachio, a quokka (summoned) and 2 rats.

Vanquished Creatures
  Sigmund (D:4)
  2 ice beasts (D:5)
  2 ogres
  A centaur (D:5)
  2 phantoms (D:5)
  A water moccasin zombie (D:5)
  6 scorpions
  2 water moccasin skeletons (D:5)
  A centaur zombie (D:5)
  A jelly (D:4)
  An orc priest (D:5)
  5 orc wizards (D:4)
  A hound skeleton (D:5)
  4 gnolls (D:3)
  4 adders
  2 white imps (D:5)
  An adder skeleton (D:4)
  A worm (D:3)
  2 dart slugs
  11 orcs
  9 ball pythons
  10 endoplasms
  2 giant cockroaches
  12 goblins
  9 hobgoblins
  5 jackals (D:1)
  5 bats
  3 frilled lizards (D:1)
  8 kobolds
  9 rats
123 creatures vanquished.

Vanquished Creatures (others)
  2 fungi (D:2)
2 creatures vanquished.

Grand Total: 125 creatures vanquished

Notes
Turn   | Place    | Note
-------+----------+-------------------------------------------
     0 | D:1      | pkoi the Formicid Fighter began the quest for the Orb.
     0 | D:1      | Reached XP level 1. HP: 18/18 MP: 1/1
    94 | D:1      | Reached XP level 2. HP: 16/24 MP: 2/2
   551 | D:1      | Found a faded altar of an unknown god.
   555 | D:1      | Reached XP level 3. HP: 28/29 MP: 3/3
   558 | D:1      | Reached skill level 3 in Long Blades
  1543 | D:2      | Reached XP level 4. HP: 33/35 MP: 4/4
  1941 | D:2      | Found a runed translucent door.
  1942 | D:2      | Noticed Crazy Yiuf
  2052 | D:3      | Found a sparkling altar of Nemelex Xobeh.
  2110 | D:3      | Found a hide-covered altar of Uskayaw.
  2142 | D:3      | Found a glowing golden altar of the Shining One.
  2194 | D:3      | Reached skill level 4 in Long Blades
  2352 | D:3      | Reached XP level 5. HP: 20/41 MP: 5/5
  2667 | D:3      | Found a shimmering altar of Xom.
  2952 | D:3      | Found a blossoming altar of Fedhas.
  2959 | D:3      | Found a stormy altar of Qazlal.
  3172 | D:3      | Found a hazy altar of Hepliaklqana.
  3290 | D:3      | Became a worshipper of Nemelex Xobeh the Trickster
  3663 | D:3      | Reached skill level 1 in Invocations
  4013 | D:4      | Noticed Sigmund
  4097 | D:4      | Reached skill level 5 in Shields
  4113 | D:4      | Killed Sigmund
  4114 | D:4      | Reached skill level 5 in Long Blades
  4114 | D:4      | Reached XP level 6. HP: 33/47 MP: 5/7
  4124 | D:4      | Reached XP level 7. HP: 29/52 MP: 6/8
  4756 | D:4      | Reached skill level 6 in Long Blades
  5278 | D:5      | Entered Level 5 of the Dungeon
  5278 | D:5      | Reached * piety under Nemelex Xobeh
  5603 | D:5      | Reached XP level 8. HP: 13/58 MP: 10/10
  5870 | D:5      | Reached skill level 7 in Long Blades
  6214 | D:5      | Found Sypastuh's General Store.
  6342 | D:5      | Reached skill level 5 in Invocations
  6362 | D:5      | Bought a potion of mutation for 104 gold pieces
  6448 | D:5      | Reached XP level 9. HP: 51/64 MP: 12/12
  6652 | D:5      | Reached skill level 8 in Long Blades
  6971 | D:5      | Found a staircase to the Ecumenical Temple.
  6972 | D:5      | Noticed Eustachio
  7018 | D:5      | Mangled by Eustachio

Illustrated notes

Levels and vault maps discovered:
D:1:      lemuel_arrival_cross, layout_basic, hellmonk_ecumenical_altar_blasted,
          dk_noncrumbling_3, minmay_box_of_dots
D:2:      layout_loops_ring, uniq_crazy_yiuf_cottage
D:3:      minmay_skewed_foursquare, layout_loops_ring,
          grunt_temple_overflow_forces_of_nature,
          mainiacjoe_overflow_six_doors_small,
          nemelex_xobeh_ov_fountains_minmay, nicolae_overflow_crystal_walls,
          mainiacjoe_overflow_small_starburst, lemuel_doored_altar
D:4:      layout_cave_pods, skrybe_limestone_x, uniq_sigmund
D:5:      layout_cave_pools, makhleb_heckhound_becter,
          minmay_temple_entry_purple_smoke, serial_shops, nicolae_square_shop,
          uniq_duvessa, uniq_eustachio

Skill      XL: |  1  2  3  4  5  6  7  8  9 |
---------------+----------------------------+-----
Shields        | 4 5 6 7 |  7.7
Long Blades    | 3 4 5 6 7 8 |  8.4
Invocations    | 2 3 5 |  5.8
Fighting       | |  3.2
Armour         | |  3.2

Action                   |  1- 3 |  4- 6 |  7- 9 || total
-------------------------+-------+-------+-------++-------
Melee: Long sword        |   105 |   131 |   243 ||   479
 Abil: Dig               |     1 |       |     2 ||     3
  Use: Scroll            |       |     6 |     1 ||     7
       Potion            |       |     3 |       ||     3
Armor: Scale mail        |    44 |    28 |    96 ||   168
       Skin              |       |    14 |       ||    14
Dodge: Dodged            |    46 |    40 |    83 ||   169
Block: Kite shield       |    57 |    66 |   142 ||   265
       Rpst.: Long sword |     9 |    15 |    22 ||    46
